 Dungeon Crawl Stone Soup version 0.23-a0-14-g8c9a20f (webtiles) character file.

188443 Amnesiac the Gelid (level 17, -17/115 HPs)
             Began as a Mummy Ice Elementalist on Aug 2, 2018.
             Was a High Priest of Vehumet.
             Demolished by a jiangshi (21 damage)
             ... led by a vampire mage
             ... on level 2 of the Depths.
             The game lasted 01:35:20 (49272 turns).

Amnesiac the Gelid (Mummy Ice Elementalist)        Turns: 49272, Time: 01:35:21

Health: -17/115    AC: 11    Str: 11    XL:     17   Next: 91%
Magic:  0/36       EV: 16    Int: 33    God:    Vehumet [*****.]
Gold:   967        SH:  5    Dex: 15    Spells: 4/47 levels left

rFire    . . .     SeeInvis .   a - staff of conjuration
rCold    + + .     Gourm    .   C - +0 buckler
rNeg     + + +     Faith    .   m - +2 robe {rC+ rF+}
rPois    ∞         Spirit   +   O - +2 helmet {Int+3}
rElec    +         Reflect  .   q - +0 cloak
rCorr    .         Harm     .   n - +0 pair of gloves
MR       ++++.                  I - +1 pair of boots of Sif Muna's Supremacy {Dex+2}
Stlth    +.........             p - amulet of guardian spirit
HPRegen  0.29/turn              g - ring of the Mage {Wiz MR++ Int+3}
MPRegen  0.25/turn              F - ring of the Hippo {rElec Int+6 Stlth-}

@: about to teleport, slightly contaminated, studying Short Blades
A: no food or potions, fire vulnerability, cold resistance 1, negative energy
resistance 3, torment resistance, unbreathing, in touch with death 1
a: Renounce Religion


You were on level 2 of the Depths.
You worshipped Vehumet.
Vehumet was extremely pleased with you.
You were not hungry.

You visited 5 branches of the dungeon, and saw 23 of its levels.
You also visited: Labyrinth and Volcano.

You collected 3665 gold pieces.
You spent 2698 gold pieces at shops.

Inventory:

Hand Weapons
 b - a +2 short sword of electrocution
Armour
 m - a +2 robe of resistance (worn)
 n - a +0 pair of gloves (worn)
 q - a +0 cloak (worn)
 C - a +0 buckler (worn)
 E - a +2 shield
 I - the +1 pair of boots of Sif Muna's Supremacy (worn) {Dex+2}
   (You bought it in a shop on level 4 of the Dungeon)

   It affects your dexterity (+2).
 O - a +2 helmet of intelligence (worn)
Magical Staves
 a - an uncursed staff of conjuration (weapon)
Jewellery
 g - the ring of the Mage (left hand) {Wiz MR++ Int+3}
   (You bought it in a shop on level 4 of the Dungeon)

   [ring of wizardry]

   It improves your spell success rate.
   It affects your intelligence (+3).
   It affects your resistance to hostile enchantments.
 i - the ring "Hadur" {rF+ EV+5}
   (You found it on level 5 of the Dungeon)

   [ring of evasion]

   It affects your evasion (+5).
   It protects you from fire.
 p - an amulet of guardian spirit (around neck)
 v - an uncursed ring of resist corrosion
 z - an uncursed ring of flight
 F - the ring of the Hippo (right hand) {rElec Int+6 Stlth-}
   (You found it on level 8 of the Dungeon)

   [ring of attention]

   It affects your intelligence (+6).
   It insulates you from electricity.
   It makes you less stealthy.
 H - the ring of the Dropbear {Ice +Blink}
   (You took it off a deep elf death mage on level 3 of the Elven Halls)

   [ring of ice]

   It enhances your ice magic.
   It makes you vulnerable to fire.
   It protects you from cold.
   It lets you blink.
 J - the ring "Jeageg" {Fire -Tele rPois MR+ Stlth+}
   (You took it off a deep elf mage on level 3 of the Elven Halls)

   [ring of fire]

   It enhances your fire magic.
   It protects you from fire.
   It makes you vulnerable to cold.
   It protects you from poison.
   It affects your resistance to hostile enchantments.
   It prevents most forms of teleportation.
   It makes you more stealthy.
 N - an uncursed ring of fire
Wands
 d - a wand of paralysis (38)
 o - a wand of random effects (36)
 u - a wand of polymorph (26)
 w - a wand of iceblast (6)
 A - a wand of enslavement (15)
 B - a wand of digging (27)
 D - a wand of flame (65)
 K - a wand of acid (1)
Scrolls
 c - 6 scrolls of magic mapping {!r}
 h - 8 scrolls of remove curse {!r}
 k - 2 scrolls of amnesia {!r}
 l - a scroll of teleportation {!r}
 r - 5 scrolls of enchant weapon {!r}
 s - a scroll of enchant armour {!r}
 t - a scroll of brand weapon {!r}
 x - a scroll of fog {!r}
 y - 6 scrolls of identify {!r}
 M - a scroll of silence {!r}
 P - a scroll of fear {!r}
Books
 G - a manual of Short Blades
Miscellaneous
 f - a crystal ball of energy
 L - a lightning rod (4/4)
 Q - 4 sacks of spiders


   Skills:
 - Level 5.0 Fighting
 - Level 6.7 Dodging
 - Level 1.5 Stealth
 - Level 4.3 Shields
 + Level 15.5 Spellcasting
 * Level 15.6 Conjurations
 * Level 15.6 Ice Magic
 - Level 12.0 Evocations


You had 4 spell levels left.
You knew the following spells:

 Your Spells              Type           Power        Failure   Level  Hunger
a - Bolt of Cold          Conj/Ice       ########..   1%          6    N/A
b - Glaciate              Conj/Ice       ########..   26%         9    N/A
d - Fireball              Conj/Fire      #######...   1%          5    N/A
e - Throw Icicle          Conj/Ice       ########     1%          4    N/A
f - Passwall              Tmut/Erth      ####....     1%          2    N/A
g - Deflect Missiles      Chrm/Air       ####......   65%         6    N/A
v - Blink                 Tloc           N/A          1%          2    N/A
w - Ozocubu's Refrigerat  Ice            #######...   1%          6    N/A
z - Ozocubu's Armour      Chrm/Ice       ######..     1%          3    N/A

Your spell library contained the following spells:

 Spells                   Type           Power        Failure   Level  Hunger
 Magic Dart               Conj           ####         0%          1    N/A
 Conjure Flame            Conj/Fire      #######.     1%          3    N/A
 Bolt of Magma            Conj/Fire/Erth ######....   1%          5    N/A
 Slow                     Hex            ####....     1%          2    N/A
 Confuse                  Hex            ####....     1%          3    N/A
 Throw Frost              Conj/Ice       ######       0%          2    N/A
 Freezing Cloud           Conj/Ice/Air   #######...   1%          6    N/A
 Mephitic Cloud           Conj/Pois/Air  ######..     1%          3    N/A
 Venom Bolt               Conj/Pois      #######...   1%          5    N/A
 Summon Small Mammal      Summ           ####         1%          1    N/A
 Iskenderun's Mystic Bla  Conj           ########     1%          4    N/A
 Animate Dead             Necr           N/A          6%          4    N/A
 Pain                     Necr           ####         1%          1    N/A
 Freeze                   Ice            ####         0%          1    N/A
 Sticky Flame             Conj/Fire      #######.     1%          4    N/A
 Summon Ice Beast         Ice/Summ       ######..     1%          4    N/A
 Call Imp                 Summ           ####....     1%          2    N/A
 Tukima's Dance           Hex            ####....     1%          3    N/A
 Iron Shot                Conj/Erth      #######...   1%          6    N/A
 Stone Arrow              Conj/Erth      ######       1%          3    N/A
 Recall                   Summ/Tloc      N/A          1%          3    N/A
 Agony                    Necr           #####...     17%         5    N/A
 Statue Form              Tmut/Erth      ####.....    65%         6    N/A
 Ice Form                 Ice/Tmut       ######..     1%          4    N/A
 Confusing Touch          Hex            ####..       1%          1    N/A
 Call Canine Familiar     Summ           ####....     1%          3    N/A
 Ensorcelled Hibernation  Hex/Ice        ######       1%          2    N/A
 Metabolic Englaciation   Hex/Ice        ######....   1%          5    N/A
 Summon Butterflies       Summ           ####....     1%          1    N/A
 Silence                  Hex/Air        ####......   17%         5    N/A
 Corona                   Hex            ####...      1%          1    N/A
 Lee's Rapid Deconstruct  Erth           ####......   5%          5    N/A
 Sandblast                Erth           ####..       1%          1    N/A
 Simulacrum               Ice/Necr       #######...   4%          6    N/A
 Conjure Ball Lightning   Conj/Air       #######...   1%          6    N/A
 Petrify                  Tmut/Erth      ####....     6%          4    N/A
 Orb of Destruction       Conj           ########..   1%          7    N/A
 Tornado                  Air            ####......   100%        9    N/A
 Inner Flame              Hex/Fire       ####....     1%          3    N/A
 Iskenderun's Battlesphe  Conj/Chrm      #######.     1%          5    N/A
 Fulminant Prism          Conj/Hex       #######...   1%          4    N/A
 Dazzling Spray           Conj/Hex       ######       1%          3    N/A
 Force Lance              Conj/Tloc      #######.     1%          4    N/A
 Searing Ray              Conj           ######       0%          2    N/A
 Summon Lightning Spire   Summ/Air       ####....     6%          4    N/A
 Summon Guardian Golem    Hex/Summ       ####....     1%          3    N/A
 Spellforged Servitor     Conj/Summ      #######...   7%          7    N/A
 Gell's Gravitas          Tloc           ####......   1%          3    N/A
 Yara's Violent Unravell  Hex/Tmut       ####......   5%          5    N/A
 Borgnjor's Vile Clutch   Necr/Erth      #####.....   17%         5    N/A

Dungeon Overview and Level Annotations

Branches:
Dungeon (15/15)            Temple (1/1) D:4            Lair (0/6) D:11
    Orc (2/2) D:11            Elf (3/3) Orc:2        Vaults (0/5) D:13
 Depths (2/5) D:15

Altars:
Ashenzari
Cheibriados
Dithmenos
Elyvilon
Fedhas
Gozag
Hepliaklqana
Kikubaaqudgha
Makhleb
Nemelex Xobeh
Okawaru
Qazlal
Ru
Sif Muna
Trog
Uskayaw
Vehumet
Wu Jian
Xom
Yredelemnul
Zin
The Shining One
Beogh

Shops:
D:4 =*:[!   D:7 }   D:9 !   D:13 %   Orc:1 [   Orc:2 %=!(

Portals:
Hell: Depths:1
Abyss: Depths:1
Ziggurat: Depths:1


Innate Abilities, Weirdness & Mutations

You do not eat or drink.
Your flesh is vulnerable to fire.
You are immune to poison.
Your flesh is cold resistant. (rC+)
You are immune to negative energy. (rN+++)
You are immune to unholy pain and torment.
You can survive without breathing.
You are in touch with the powers of death.


Message History

The jiangshi partially resists.
The jiangshi is heavily damaged.
The jiangshi is flash-frozen.
The great icy blast engulfs the jiangshi.
The jiangshi partially resists.
The jiangshi is heavily damaged.
The jiangshi is flash-frozen.
You hear a shout! x6
The jiangshi is engulfed in freezing vapours. x3
The jiangshi closely misses you. The jiangshi completely misses you.
The jiangshi is engulfed in freezing vapours. x2
A jiangshi comes into view.
Casting: Glaciate (very dangerous; 26% risk of failure)
Confirm with . or Enter, or press ? or * to list all spells.
Aiming: Bolt of Cold (safe; 1% risk of failure)
Press: ? - help, Shift-Dir - straight line, f/p - jiangshi
Aim: a jiangshi (freezing vapour, heavily damaged, encased in ice)
You feel a surge of power!
The bolt of cold hits the jiangshi.
The jiangshi resists.
The jiangshi is severely damaged.
The bolt of cold hits the jiangshi.
The jiangshi resists.
The jiangshi is almost destroyed.
The jiangshi is engulfed in freezing vapours.
The jiangshi claws you! The jiangshi claws you.
The jiangshi is engulfed in freezing vapours. x2
The jiangshi claws you. The jiangshi barely misses you.
The jiangshi is engulfed in freezing vapours.
You destroy the jiangshi!
Vehumet accepts your kill.
You feel your power returning.
Unknown command.
Casting: Bolt of Cold (safe; 1% risk of failure)
Confirm with . or Enter, or press ? or * to list all spells.
Aiming: Bolt of Cold (safe; 1% risk of failure)
Press: ? - help, Shift-Dir - straight line, f/p - jiangshi
Aim: a jiangshi (freezing vapour, almost destroyed, encased in ice)
You feel a surge of power!
The bolt of cold misses the jiangshi.
The jiangshi is engulfed in freezing vapours.
The jiangshi barely misses you. The jiangshi closely misses you.
The jiangshi is engulfed in freezing vapours.
You block the jiangshi's attack. The jiangshi claws you!
Unknown command.
The jiangshi is engulfed in freezing vapours.
The jiangshi claws you!! The jiangshi closely misses you.
A vampire mage comes into view.
The jiangshi claws you. The jiangshi claws you!!
* * * LOW HITPOINT WARNING * * *
Really read
l - 2 scrolls of teleportation {!r}?
As you read the scroll of teleportation {!r}, it crumbles to dust.
You feel strangely unstable. The jiangshi claws you.
* * * LOW HITPOINT WARNING * * *
The jiangshi barely misses you. The jiangshi claws you!
* * * LOW HITPOINT WARNING * * *
The jiangshi claws you!
* * * LOW HITPOINT WARNING * * *
The jiangshi claws you!
* * * LOW HITPOINT WARNING * * *
The jiangshi closely misses you.
Okay, then.
Okay, then.
The jiangshi claws you!
* * * LOW HITPOINT WARNING * * *
The jiangshi claws you!!
You die...

#.....# #.#.#.#
#.....# #..#..##
##......#
######.......##
#.............#
#...###.###.#.##
#..#.@.........#
#.#.V####.#.#..#
##.#.##......#.##
####..#V#..#..#.#.#
.......V#.#.#.#....
..#...#.#..#..# #.#
#.....#§.....## ..#
##... #§#.#### ##
......§§.......#


You could see a jiangshi and a vampire mage.

Vanquished Creatures
  2 deep elf blademasters (Elf:3)
  2 deep elf master archers (Elf:3)
  2 acid blobs (Depths:1)
  Frances (D:14)
  Gastronok (D:11)
  Roxanne (D:14)
  4 azure jellies (Depths:1)
  3 fire giants
  7 deep elf sorcerers
  An orc warlord (Orc:2)
  A deep elf elementalist (Elf:3)
  A stone giant (Depths:1)
  3 deep elf demonologists (Elf:3)
  A dire elephant (D:15)
  A minotaur (Lab)
  7 deep elf annihilators (Elf:3)
  Nessos (D:13)
  3 ettins
  4 deep elf death magi (Elf:3)
  A jiangshi (Depths:2)
  4 deep elf high priests (Elf:3)
  2 death oozes (Depths:1)
  A yaktaur captain (Depths:1)
  2 great orbs of eyes
  Harold (D:9)
  A vault guard (D:13)
  A rakshasa (Depths:1)
  Erolcha (D:11)
  An ice dragon (Depths:1)
  3 hydras
  4 centaur warriors
  4 ogre magi
  2 tengu warriors (D:13)
  27 dancing weapons
  A deep troll shaman (Depths:2)
  19 two-headed ogres
  Urug (D:11)
  2 deep troll earth magi (Depths:1)
  6 orc high priests
  5 hell knights (Depths:1)
  10 deep elf knights
  3 wizards (D:13)
  4 unseen horrors
  2 deep trolls (Depths:1)
  18 deep elf archers
  4 large abominations (Depths:1)
  A necromancer (D:13)
  50 deep elf magi
  3 harpies (D:13)
  5 orc knights
  4 ugly things
  2 salamanders (Volcano)
  2 oklob plants (D:13)
  A wolf spider (D:15)
  A cyclops (D:13)
  9 orc sorcerers
  A manticore (D:15)
  Psyche (D:8)
  2 gargoyles (D:14)
  A kobold demonologist (D:15)
  A freezing wraith (D:14)
  4 yaktaurs (Depths:1)
  2 efreet
  A queen bee (D:13)
  12 trolls
  2 meliai (D:13)
  A minotaur skeleton (Lab)
  2 wolf spider simulacra
  Prince Ribbit (D:6)
  A hornet (D:11)
  2 slime creatures (D:15)
  5 hippogriffs
  3 air elementals
  2 wraiths
  16 yaks
  3 shadows
  A vampire (D:13)
  A fire bat (Volcano)
  8 water elementals
  3 wyverns
  2 fire elementals (Elf:1)
  A golden eye (D:13)
  9 hungry ghosts
  19 humans (D:13)
  13 vampire mosquitoes
  A chaos spawn (Depths:1)
  2 steam dragons (D:10)
  Menkaure (D:4)
  A soldier ant (D:15)
  3 wargs
  2 acid dragons
  2 hell hounds (Volcano)
  Duvessa (D:4)
  3 water moccasins
  3 slaves (D:6)
  4 sky beasts
  8 ice beasts
  2 eyes of draining
  43 orc warriors
  2 phantoms
  4 wolves (D:11)
  3 boggarts (D:15)
  30 ogres
  11 centaurs
  4 big kobolds
  14 bullfrogs
  A wyvern zombie (D:14)
  6 earth elementals
  Dowan (D:4)
  36 killer bees
  3 scorpions
  4 howler monkeys
  3 electric eels (D:11)
  11 crimson imps
  2 bullfrog zombies
  A quasit (D:7)
  6 centaur skeletons
  18 jellies
  11 hounds
  25 orc wizards
  2 bullfrog skeletons
  5 iguanas
  28 orc priests
  10 worker ants
  8 small abominations (Depths:1)
  Natasha (thrice) (D:4)
  A howler monkey zombie (D:6)
  Robin (D:2)
  13 gnolls
  11 adders
  10 river rats (D:6)
  2 shadow imps
  A white imp (Depths:1)
  9 oozes
  An adder zombie (D:7)
  4 adder skeletons
  3 worms
  2 dart slugs
  10 leopard geckos
  102 orcs
  11 giant cockroaches
  2 gnoll zombies (D:3)
  9 hobgoblins
  6 jackals
  23 kobolds
  15 quokkas
  2 ball pythons
  7 bats
  4 frilled lizards
  13 goblins
  A leopard gecko skeleton (D:6)
  A leopard gecko zombie (D:7)
  A quokka zombie (D:4)
  27 rats
  31 plants (Depths:1)
1025 creatures vanquished.

Vanquished Creatures (collateral kills)
  A dancing weapon (Elf:2)
1 creature vanquished.

Vanquished Creatures (others)
  A deep elf mage (Elf:1)
  A centaur (Volcano)
  27 blocks of ice (Depths:1)
  6 plants
35 creatures vanquished.

Grand Total: 1061 creatures vanquished

Notes
Turn   | Place    | Note
-------+----------+-------------------------------------------
     0 | D:1      | Amnesiac the Mummy Ice Elementalist began the quest for the Orb.
     0 | D:1      | Reached XP level 1. HP: 13/13 MP: 4/4
    93 | D:1      | Reached XP level 2. HP: 15/19 MP: 0/6
   295 | D:2      | Noticed Robin
   443 | D:2      | Reached XP level 3. HP: 19/24 MP: 4/7
   543 | D:2      | Killed Robin
   727 | D:2      | Learned a level 3 spell: Ozocubu's Armour
  1014 | D:3      | Reached XP level 4. HP: 25/30 MP: 2/8
  1020 | D:3      | Learned a level 4 spell: Throw Icicle
  1377 | D:4      | Found a snail-covered altar of Cheibriados.
  1379 | D:4      | Reached XP level 5. HP: 35/35 MP: 6/9
  1391 | D:4      | Noticed Menkaure
  1416 | D:4      | Noticed Duvessa
  1417 | D:4      | Noticed Dowan
  1476 | D:4      | Found a sparkling altar of Nemelex Xobeh.
  1489 | D:4      | Killed Duvessa
  1489 | D:4      | Reached skill level 5 in Ice Magic
  1498 | D:4      | Found a hazy altar of Hepliaklqana.
  1662 | D:4      | Found Cittipti's Antique Armour Emporium.
  1668 | D:4      | Found a staircase to the Ecumenical Temple.
  1677 | Temple   | Entered the Ecumenical Temple
  1874 | D:3      | Reached XP level 6. HP: 41/41 MP: 6/11
  2262 | D:3      | Reached skill level 5 in Spellcasting
  2481 | D:3      | Found a basalt altar of Yredelemnul.
  2902 | D:4      | Found Opaxzuziop's Assorted Antiques.
  2902 | D:4      | Found Qupsekess's Jewellery Emporium.
  2902 | D:4      | Noticed Natasha
  2911 | D:4      | Killed Natasha
  2920 | D:4      | Bought a scroll labeled FOAFIT OMASH for 29 gold pieces
  2920 | D:4      | Bought a scroll labeled DUUSEV GARR for 29 gold pieces
  2941 | D:4      | Found Qiohi's Book Emporium.
  3043 | D:4      | Reached skill level 1 in Conjurations
  3067 | D:4      | Found Vutrus's Distillery.
  3246 | D:4      | Found an opulent altar of Gozag.
  3246 | D:4      | Found a radiant altar of Vehumet.
  3400 | D:4      | Became a worshipper of Vehumet
  3413 | D:4      | Noticed Natasha
  3416 | D:4      | Killed Natasha
  4212 | D:5      | Entered Level 5 of the Dungeon
  4217 | D:5      | Reached XP level 7. HP: 46/46 MP: 12/15
  4221 | D:5      | Found a burning altar of Makhleb.
  4323 | D:5      | Got a sparkling ruby amulet
  4324 | D:5      | Identified the amulet of Gicil {Gourm rElec rPois} (You found it on level 5 of the Dungeon)
  4327 | D:5      | Reached * piety under Vehumet
  4327 | D:5      | Offered knowledge of Shock by Vehumet.
  4396 | D:5      | Got a fine golden ring
  4796 | D:4      | Killed Menkaure
  4796 | D:4      | Reached skill level 5 in Conjurations
  4796 | D:4      | Reached XP level 8. HP: 15/52 MP: 1/16
  4993 | D:4      | Killed Dowan
  5076 | D:4      | Noticed Natasha
  5077 | D:4      | Killed Natasha
  5085 | D:4      | Bought a runed robe for 85 gold pieces
  5097 | D:4      | Identified the ring "Hadur" {rF+ EV+5} (You found it on level 5 of the Dungeon)
  5770 | D:5      | Found a shadowy altar of Dithmenos.
  6096 | D:5      | Found a sacrificial altar of Ru.
  6184 | D:6      | Found a stormy altar of Qazlal.
  6302 | D:6      | Offered knowledge of Sting by Vehumet.
  6353 | D:5      | Reached ** piety under Vehumet
  6441 | D:6      | Noticed Prince Ribbit
  6481 | D:6      | Killed Prince Ribbit
  6533 | D:6      | Noticed Pikel
  6562 | D:6      | Noticed Pikel
  6562 | D:6      | Pikel changed into Pikel the ogre
  6575 | D:6      | Killed Pikel the ogre
  6575 | D:6      | Reached XP level 9. HP: 39/57 MP: 0/18
  6956 | D:6      | Offered knowledge of Ignite Poison by Vehumet.
  7131 | D:6      | Reached *** piety under Vehumet
  7371 | D:6      | Offered knowledge of Inner Flame by Vehumet.
  7594 | D:7      | Reached **** piety under Vehumet
  7639 | D:7      | Got a slimy spear
  7650 | D:7      | Noticed a dagger
  7651 | D:7      | Found a hide-covered altar of Uskayaw.
  7653 | D:7      | Noticed a dagger
  7677 | D:7      | Offered knowledge of Bolt of Magma by Vehumet.
  7756 | D:7      | Identified the +4 spear of Ydaxoiny {pierce, rElec Int-5 Dex+6} (You found it on level 7 of the Dungeon)
  7788 | D:7      | Found an ancient bone altar of Kikubaaqudgha.
  7856 | D:7      | Found Rauphu Hyde's Gadget Emporium.
  8366 | D:7      | Learned a level 4 spell: Summon Ice Beast
  8711 | D:8      | Noticed a two-headed ogre
  8723 | D:8      | Reached XP level 10. HP: 63/63 MP: 21/21
  8803 | D:8      | Noticed a two-headed ogre
  8808 | D:8      | Killed a two-headed ogre
  8908 | D:8      | Killed a two-headed ogre
  8944 | D:8      | Reached ***** piety under Vehumet
  9043 | D:8      | Found an iron altar of Okawaru.
  9061 | D:8      | Offered knowledge of Iskenderun's Battlesphere by Vehumet.
  9102 | D:8      | Got a vibrating granite ring
  9105 | D:8      | Identified the ring of the Hippo {rElec Int+6 Stlth-} (You found it on level 8 of the Dungeon)
  9216 | D:8      | Noticed Psyche
  9278 | D:8      | Killed Psyche
  9611 | D:9      | Found Beal's Distillery.
 10266 | D:9      | Noticed Harold
 10507 | D:9      | Killed Harold
 10691 | D:8      | Reached XP level 11. HP: 55/68 MP: 0/24
 11307 | D:10     | Entered Level 10 of the Dungeon
 11307 | D:10     | Noticed a two-headed ogre
 11311 | D:10     | Killed a two-headed ogre
 11827 | D:10     | Found a shimmering altar of Xom.
 11861 | D:10     | Found a bloodstained altar of Trog.
 12327 | D:10     | Noticed a two-headed ogre
 12330 | D:10     | Killed a two-headed ogre
 12359 | D:10     | Learned a level 2 spell: Blink
 12496 | D:10     | Reached skill level 10 in Conjurations
 12566 | D:11     | Reached skill level 10 in Ice Magic
 12711 | D:11     | Noticed Erolcha
 12720 | D:10     | Reached skill level 10 in Spellcasting
 12835 | D:11     | Killed Erolcha
 12986 | D:11     | Noticed a two-headed ogre
 12989 | D:11     | Killed a two-headed ogre
 13108 | D:11     | Found a staircase to the Orcish Mines.
 13157 | D:11     | Noticed an eight-headed hydra
 13160 | D:11     | Killed an eight-headed hydra
 13194 | D:11     | Noticed Urug
 13228 | D:11     | Killed Urug
 13568 | D:11     | Found a staircase to the Lair.
 13607 | D:11     | Noticed Gastronok
 13622 | D:11     | Killed Gastronok
 13622 | D:11     | Reached XP level 12. HP: 77/83 MP: 5/26
 13767 | D:11     | Found a roughly hewn altar of Beogh.
 14028 | Orc:1    | Entered Level 1 of the Orcish Mines
 14031 | Orc:1    | Found a dark tunnel.
 14036 | Orc:1    | Reached skill level 5 in Fighting
 14046 | Volcano  | Entered a volcano
 14190 | Volcano  | Noticed a two-headed ogre
 14190 | Volcano  | Noticed a two-headed ogre
 14200 | Volcano  | Killed a two-headed ogre
 14201 | Volcano  | Killed a two-headed ogre
 14676 | Volcano  | HP: 4/86 [something (6)]
 15379 | Orc:1    | Offered knowledge of Poison Arrow by Vehumet.
 15411 | Orc:1    | Reached skill level 5 in Dodging
 15936 | Orc:1    | Found Atilog's Armour Shop.
 16268 | Orc:2    | Entered Level 2 of the Orcish Mines
 16336 | Orc:2    | Noticed a two-headed ogre
 16880 | Orc:2    | Killed a two-headed ogre
 17805 | Orc:2    | Offered knowledge of Bolt of Cold by Vehumet.
 17816 | Orc:2    | Learned a level 6 spell: Bolt of Cold
 17949 | Orc:2    | Noticed an ogre mage
 17955 | Orc:2    | Killed an ogre mage
 18224 | Orc:2    | Identified a scroll of acquirement {!r}
 18544 | Orc:2    | Found a staircase to the Elven Halls.
 18901 | Orc:2    | Noticed an orc high priest
 18904 | Orc:2    | Killed an orc high priest
 19332 | Orc:2    | Noticed an orc warlord
 19344 | Orc:2    | Gained mutation: You are in touch with the powers of death. [Mummy growth]
 19344 | Orc:2    | Reached XP level 13. HP: 79/91 MP: 15/27
 19347 | Orc:2    | Killed an orc warlord
 19841 | Orc:2    | Found a roughly hewn altar of Beogh.
 19980 | Orc:2    | Found Ziagid's Food Shop.
 20267 | Orc:2    | Offered knowledge of Fireball by Vehumet.
 20450 | Orc:2    | Found Zeskoado's Jewellery Boutique.
 20871 | Orc:2    | Found Baabrass's Antique Weapon Boutique.
 20876 | Orc:2    | Found a roughly hewn altar of Beogh.
 20941 | Orc:2    | Found Usuphepn's Distillery.
 21647 | Orc:2    | Learned a level 5 spell: Fireball
 21845 | D:4      | Bought a manual of Evocations for 1545 gold pieces
 21878 | D:4      | Bought a shiny helmet for 172 gold pieces
 21878 | D:4      | Bought a pair of dazzling boots for 218 gold pieces
 21899 | D:4      | Identified the +1 pair of boots of Sif Muna's Supremacy {Dex+2} (You bought it in a shop on level 4 of the Dungeon)
 22626 | D:13     | Found a labyrinth entrance.
 22632 | D:13     | Reached skill level 5 in Evocations
 22800 | Lab      | Entered a labyrinth
 23004 | Lab      | Got a scorched brass ring
 23006 | Lab      | Identified the ring "Ihon" {Wiz rN++ Str+3} (You found it in a labyrinth)
 23203 | Lab      | Noticed a minotaur
 23208 | Lab      | Killed a minotaur
 23248 | Lab      | Identified the Compendium of Burning Evil Secrets
 23539 | D:12     | Found a glowing golden altar of the Shining One.
 23941 | D:13     | Offered knowledge of Conjure Ball Lightning by Vehumet.
 24177 | D:13     | Noticed Nessos
 24185 | D:13     | Killed Nessos
 24258 | D:13     | Reached XP level 14. HP: 98/98 MP: 2/29
 24325 | D:13     | Found Miseutre's Food Boutique.
 24921 | D:13     | Reached skill level 10 in Evocations
 26504 | D:13     | Offered knowledge of Spellforged Servitor by Vehumet.
 26833 | D:13     | Found a gate to the Vaults.
 27556 | D:13     | Paralysed by a great orb of eyes for 4 turns
 27813 | D:13     | Noticed a fire giant
 27817 | D:13     | Killed a fire giant
 28208 | D:14     | Noticed Roxanne
 30989 | D:14     | Killed Roxanne
 30990 | D:14     | Identified Roxanne's Reference Book on Stones (You took it off Roxanne on level 14 of the Dungeon)
 31067 | D:14     | Learned a level 2 spell: Passwall
 31208 | D:14     | Noticed Frances
 31212 | D:14     | Killed Frances
 31371 | D:14     | Found a glowing golden altar of the Shining One.
 31754 | D:14     | Offered knowledge of Freezing Cloud by Vehumet.
 32210 | D:15     | Entered Level 15 of the Dungeon
 32481 | D:15     | Reached XP level 15. HP: 103/103 MP: 17/31
 33929 | D:15     | Found a staircase to the Depths.
 34114 | Elf:1    | Entered Level 1 of the Elven Halls
 35159 | Elf:1    | Got a vibrating copper ring
 35301 | Elf:1    | Identified the ring "Earthly Heaven" {+Blink Str+4 Stlth-} (You found it on level 1 of the Elven Halls)
 35550 | D:4      | Bought the ring of the Mage {Wiz MR++ Int+3} for 620 gold pieces
 35550 | D:4      | Found the ring of the Mage {Wiz MR++ Int+3}
 36673 | Elf:1    | Noticed a deep elf sorcerer
 36680 | Elf:1    | Killed a deep elf sorcerer
 37330 | Elf:2    | Learned a level 6 spell: Ozocubu's Refrigeration
 39481 | Elf:2    | Found a runed gate.
 39481 | Elf:2    | Found a runed gate.
 39482 | Elf:2    | Found a runed gate.
 40001 | Elf:2    | Reached XP level 16. HP: 102/109 MP: 3/33
 40373 | Elf:2    | Reached ****** piety under Vehumet
 40653 | Elf:2    | Offered knowledge of Lehudib's Crystal Spear by Vehumet.
 40653 | Elf:2    | Offered knowledge of Glaciate by Vehumet.
 40653 | Elf:2    | Offered knowledge of Shatter by Vehumet.
 40694 | Elf:2    | Learned a level 6 spell: Deflect Missiles
 41606 | Elf:2    | HP: 4/109 [antimagic lajatang (28)]
 42235 | Elf:3    | Entered Level 3 of the Elven Halls
 43511 | Elf:3    | Learned a level 9 spell: Glaciate
 43629 | Elf:3    | Noticed a deep elf blademaster
 43634 | Elf:3    | Noticed a deep elf blademaster
 43634 | Elf:3    | Killed a deep elf blademaster
 44421 | Elf:3    | Noticed a Brimstone Fiend
 44431 | Elf:3    | Noticed a deep elf master archer
 44438 | Elf:3    | Killed a deep elf master archer
 44439 | Elf:3    | Killed a deep elf blademaster
 44439 | Elf:3    | Noticed a deep elf master archer
 45023 | Elf:3    | Killed a deep elf master archer
 45030 | Elf:3    | Reached XP level 17. HP: 67/115 MP: 11/35
 45424 | Elf:3    | Got a flickering tin ring
 45478 | Elf:3    | Got a dazzling quarterstaff {distort}
 45482 | Elf:3    | Identified the ring "Oklupn" {rF+ MR+ Dex+4 SInv Stlth+} (You took it off a deep elf death mage on level 3 of the Elven Halls)
 45572 | Elf:3    | Got a steaming steel ring
 45572 | Elf:3    | Got an encrusted chain mail
 45887 | Elf:3    | Identified the ring of the Dropbear {Ice +Blink} (You took it off a deep elf death mage on level 3 of the Elven Halls)
 45891 | Elf:3    | Identified the +7 chain mail of Duwamo {rN+ Dex+2} (You took it off a deep elf master archer on level 3 of the Elven Halls)
 45969 | Elf:3    | Got a transparent glass ring
 45969 | Elf:3    | Got a crude lapis lazuli ring
 45972 | Elf:3    | Identified the ring of Honlois {*Contam rN+ Str+2 SInv} (You took it off a deep elf demonologist on level 3 of the Elven Halls)
 45974 | Elf:3    | Identified the ring "Jeageg" {Fire -Tele rPois MR+ Stlth+} (You took it off a deep elf mage on level 3 of the Elven Halls)
 46252 | Elf:3    | Identified the Tome of Creation
 46711 | Depths:1 | Entered Level 1 of the Depths
 46908 | Depths:1 | Reached skill level 15 in Conjurations
 46908 | Depths:1 | Reached skill level 15 in Ice Magic
 47384 | Depths:1 | Reached skill level 15 in Spellcasting
 47967 | Depths:1 | Found a gateway to Hell.
 48049 | Depths:1 | Found a gateway to a ziggurat.
 48118 | Depths:1 | Noticed an acid blob
 48131 | Depths:1 | Noticed an acid blob
 48141 | Depths:1 | Killed an acid blob
 48142 | Depths:1 | Killed an acid blob
 48657 | Depths:1 | Got a dazzling hunting sling
 48664 | Depths:1 | Identified the +6 hunting sling of the Rattle-Snake {freeze, rN+} (You found it on level 1 of the Depths)
 48888 | Depths:1 | Found a one-way gate to the infinite horrors of the Abyss.
 49272 | Depths:2 | HP: 4/115 [jiangshi[a vampire mage] (7)]
 49272 | Depths:2 | Demolished by a jiangshi

Vault maps used:
D:1:      dpeg_arrival_pond
D:2:      uniq_robin
D:3:      wad_pebble_path, lemuel_zombie_altar_yredelemnul
D:4:      overflow_temple_1_default, old_standard_altar,
          nemelex_xobeh_ov_fountains_minmay, gammafunk_temple_overflow_pools,
          temple_pool_b, serial_shops, nicolae_shop_window_shopping,
          nicolae_shop_statue_plus, shop_coins, kennysheep_mini_moat,
          nicolae_shop_trees, uniq_duvessa, uniq_natasha, uniq_menkaure
D:5:      marbit_many_paths, bloody_makhleb, lemuel_coloured_pillars_altar,
          first_ration
D:6:      lemuel_ratsnest, basic_altar, small_statue_intersection, uniq_pikel,
          uniq_prince_ribbit1
D:7:      kiku_gazebo_pond_becter, dancing_weapons_uskayaw, serial_shops,
          nicolae_shop_statue_plus
D:8:      kennysheep_mini, uniq_psyche
D:9:      serial_shops, shop, blue_anna_alchemist, uniq_harold
D:10:     basic_altar, trog_book
D:11:     erik_lair_island, minmay_orc_entry_temple_small, serial_column_ruins,
          column_ruins_square_small, column_ruins_hut_pillars,
          column_ruins_columns_corner, column_ruins_grid_1,
          column_ruins_columns_straight, column_ruins_columns_straight,
          column_ruins_columns_corner, column_ruins_open_tiny, uniq_erolcha,
          uniq_urug, uniq_gastronok
D:12:     tso_metal_star
D:13:     regret_index_harrowing_hell_hive, grunt_vaults_entry_tiered,
          lab_entry_generic, serial_shops, shop, uniq_nessos
D:14:     basic_altar, hex_tiny, minivault_10, uniq_roxanne, uniq_frances
D:15:     hangedman_depths_entry_try_elsewhere_first
Temple:   zaba_magenta_temple
Orc:1:    nicolae_volcano_entry_lava_flow, serial_shops, shop
Orc:2:    pubby_orc_utopia, serial_shops
Elf:1:    minmay_elf_arrival_circle, serial_sigils_hangedman_scratch
Elf:3:    elf_hall, minmay_misc_feat_five
Depths:1: enter_ziggurat_e, hangedman_coc_ice_floe, serial_bayou_lagoon_a,
          minmay_room_of_horrors, minmay_acid_items
Depths:2: hangedman_slaughterboxes, pan_entry, hell_entry, abyss_entry,
          uniq_asterion
Lab:      nicolae_lab_dead_adventurers, nicolae_lab_lava, nicolae_lab_grate,
          nicolae_lab_stuck, nicolae_lab_very_dead_end,
          nicolae_lab_flowing_pool, lab_block,
          labyrinth_baited_teleportation_trap, nicolae_lab_starburst,
          nicolae_lab_diamond, nicolae_lab_big_swirl
Volcano:  volcano_village

Skill      XL: |  1  2  3  4  5  6  7  8  9 10 11 12 13 14 15 16 17 |
---------------+----------------------------------------------------+-----
Spellcasting   | 3 5 6 7 9 10 11 12 13 14 15 | 15.5
Ice Magic      | 3 4 5 6 7 9 10 11 12 13 14 15 | 15.6
Conjurations   | 2 5 6 8 9 10 11 12 13 14 15 | 15.6
Shields        | 4 |  4.3
Dodging        | 3 6 |  6.7
Fighting       | 4 5 |  5.0
Evocations     | 9 12 | 12.0
Stealth        | |  1.5

Action                   |  1- 3 |  4- 6 |  7- 9 | 10-12 | 13-15 | 16-18 || total
-------------------------+-------+-------+-------+-------+-------+-------++-------
Melee: Dagger            |     4 |       |       |       |       |       ||     4
       Hand axe          |     1 |       |       |       |       |       ||     1
 Fire: Hunting sling     |    17 |    50 |   173 |    43 |   103 |     1 ||   387
Throw: Stone             |     1 |       |       |       |       |       ||     1
 Cast: Freeze            |    60 |   107 |   279 |   105 |    29 |       ||   580
       Ozocubu's Armour  |     1 |       |       |     2 |       |       ||     3
       Throw Icicle      |       |       |    52 |   380 |   128 |    68 ||   628
       Bolt of Cold      |       |       |       |    18 |   391 |   151 ||   560
       Blink             |       |       |       |     1 |     2 |     4 ||     7
       Fireball          |       |       |       |       |   134 |    11 ||   145
       Glaciate          |       |       |       |       |       |    21 ||    21
       Ozocubu's Refrige |       |       |       |       |       |     4 ||     4
Evoke: Wand              |       |       |     2 |    37 |    24 |    24 ||    87
       Lightning rod     |       |       |       |       |       |     8 ||     8
       Phantom mirror    |       |       |       |       |       |     1 ||     1
  Use: Scroll            |       |     5 |     4 |    12 |     8 |    16 ||    45
Armor: Robe              |    15 |    23 |    63 |    20 |     3 |     6 ||   130
       Leather armour    |       |       |       |    25 |    92 |    11 ||   128
Dodge: Dodged            |    49 |    68 |   277 |   237 |   358 |    46 ||  1035
Block: Buckler           |       |       |       |    59 |    98 |    22 ||   179

Table legend:
 A = Spawn XP
 B = Non-spawn XP
 C = Spawn XP percentage of total XP
 D = Spawn monster count
 E = Non-spawn monster count
 F = Spawn count percentage of total count
 G = Total turns spent on level
                    A         B        C        D         E        F      G
               +---------+---------+-------+---------+---------+-------+---------
         Total |       0 |  283609 |   0.0 |       0 |     992 |   0.0 | 49272
               +---------+---------+-------+---------+---------+-------+---------
           D:1 |       0 |      59 |   0.0 |       0 |      24 |   0.0 |   865
           D:2 |       0 |      41 |   0.0 |       0 |      15 |   0.0 |   870
           D:3 |       0 |     311 |   0.0 |       0 |      42 |   0.0 |  1687
           D:4 |       0 |     722 |   0.0 |       0 |      17 |   0.0 |  1704
           D:5 |       0 |    1176 |   0.0 |       0 |      30 |   0.0 |  1254
           D:6 |       0 |    1230 |   0.0 |       0 |      65 |   0.0 |  1364
           D:7 |       0 |    1263 |   0.0 |       0 |      43 |   0.0 |   941
           D:8 |       0 |    4288 |   0.0 |       0 |      39 |   0.0 |  1749
           D:9 |       0 |    3069 |   0.0 |       0 |      23 |   0.0 |  1276
          D:10 |       0 |    3535 |   0.0 |       0 |      23 |   0.0 |  1580
          D:11 |       0 |    8331 |   0.0 |       0 |      38 |   0.0 |  1377
          D:12 |       0 |    4962 |   0.0 |       0 |      30 |   0.0 |  1415
          D:13 |       0 |   31505 |   0.0 |       0 |     117 |   0.0 |  4407
          D:14 |       0 |    8188 |   0.0 |       0 |      24 |   0.0 |  4038
          D:15 |       0 |   16658 |   0.0 |       0 |      41 |   0.0 |  2707
         Orc:1 |       0 |    2991 |   0.0 |       0 |      34 |   0.0 |  1599
         Orc:2 |       0 |   23700 |   0.0 |       0 |     133 |   0.0 |  5758
         Elf:1 |       0 |   22688 |   0.0 |       0 |      41 |   0.0 |  3525
         Elf:2 |       0 |   33677 |   0.0 |       0 |      51 |   0.0 |  4332
         Elf:3 |       0 |   62629 |   0.0 |       0 |      63 |   0.0 |  3439
      Depths:1 |       0 |   45769 |   0.0 |       0 |      80 |   0.0 |  1586
      Depths:2 |       0 |    1953 |   0.0 |       0 |       2 |   0.0 |    61
           Lab |       0 |    2921 |   0.0 |       0 |       9 |   0.0 |   479
       Volcano |       0 |    1943 |   0.0 |       0 |       8 |   0.0 |  1205
               +---------+---------+-------+---------+---------+-------+---------
